 Dungeon Crawl Stone Soup version 0.29.1-2-gbd0b4ee654 (webtiles) character file.

Game seed: 3591962221861499416

21 H0rd4k the Charlatan (level 2, 0/18 HPs)
             Began as an Octopode Artificer on Nov 3, 2022.
             Slain by a kobold
             ... wielding a +0 club
              (4 damage)
             ... on level 1 of the Dungeon.
             The game lasted 00:00:19 (651 turns).

H0rd4k the Charlatan (Octopode Artificer)            Turns: 651, Time: 00:00:20

Health: 0/18       AC:  1    Str: 11    XL:     2   Next: 83%
Magic:  2/2        EV: 10    Int: 13    God:
Gold:   15         SH:  0    Dex: 12    Spells: 1/1 levels left

rFire   . . .      SeeInvis .   a - +0 club
rCold   . . .      Faith    .   (no shield)
rNeg    . . .      Spirit   .   (helmet restricted)
rPois   .          Reflect  .   (no amulet)
rElec   .          Harm     .   (no ring)
rCorr   .          Rampage  .   (no ring)
Will    .....                   (no ring)
Stlth   +++.......              (no ring)
HPRegen 0.06/turn               (no ring)
MPRegen 0.08/turn               (no ring)
                                (no ring)
                                (no ring)

@: constricted
A: almost no armour, amphibious, 8 rings, camouflage 1, gelatinous body 1,
(nimble swimmer 1), tentacles
a: no special abilities


You were on level 1 of the Dungeon.
You visited 1 branch of the dungeon, and saw 1 of its levels.

You collected 15 gold pieces.

Inventory:

Hand Weapons
 a - a +0 club (weapon)
Wands
 b - a wand of flame (15) (quivered)
 c - a wand of charming (15)
 d - a wand of iceblast (5)
Scrolls
 e - a scroll of identify {unknown}
 g - a scroll of silence {unknown}
 h - a scroll of teleportation {unknown}
Potions
 f - a potion of heal wounds {unknown}


   Skills:
 + Level 1.0 Fighting
 + Level 0.2 Maces & Flails
 + Level 3.1 Dodging
 - Level 1.3 Stealth
 + Level 3.6 Evocations


You had one spell level left.
You didn't know any spells.
Your spell library was empty.

Dungeon Overview and Level Annotations

Branches:
Dungeon (1/15)

Altars:


Innate Abilities, Weirdness & Mutations

You cannot wear most types of armour.
You are amphibious.
You can wear up to eight rings at the same time.
Your skin changes colour to match your surroundings (Stealth+).
Your rubbery body absorbs attacks. (AC +1, EV +1)
((You are camouflaged when in or above water. (Stealth+)))
You have tentacles for arms and can constrict up to eight enemies at once.


Message History

A hobgoblin is nearby!
You are too injured to fight recklessly!
A hobgoblin is nearby!
You hit the hobgoblin but do no damage.
The hobgoblin is almost dead.
You constrict the hobgoblin.
You kill the hobgoblin!
You see here a hobgoblin corpse.
Key pressed, stopping explore.
No target in view!
You see here a hobgoblin corpse.
Key pressed, stopping explore.
No target in view!
You now have 15 gold pieces (gained 6).
A kobold comes into view. It is wielding a +0 club.
A kobold is nearby!
A kobold is nearby!
A kobold is nearby!
A kobold is nearby!
A ball python comes into view.
The kobold shouts!
The ball python hisses angrily.
You completely miss the kobold. Your grab misses the kobold.
The kobold hits you with a +0 club. The kobold barely misses you.
You hit the kobold but do no damage. Your grab misses the kobold.
The ball python bites you. The ball python grabs you.
The ball python constricts you. The kobold closely misses you.
The ball python bites you but does no damage.
The ball python constricts you.
You hit the kobold but do no damage. Your grab misses the kobold.
Your squeeze misses the kobold. The kobold barely misses you.
The ball python bites you. The ball python constricts you.
You closely miss the kobold. Your grab misses the kobold.
The kobold hits you with a +0 club. The ball python barely misses you.
The ball python constricts you.
* * * LOW HITPOINT WARNING * * *
The ball python bites you but does no damage.
The ball python constricts you.
* * * LOW HITPOINT WARNING * * *
The kobold hits you with a +0 club.
You die...

.... ... . # #..##..##.
.#### #. #........ .....
# #..#......# #....
#.#..#.....# # # #....
#..........# #.#####....
#.........####..........
#.....K@................
#.#..#S#.###.######.####
# ...#.###........####
#....#.....#####......
......#####.## #.####.
#.#.### #รท....# #.# #.
# #. #.....# #.# #. #
#.....# #.####. ####.##
#.(....


You could see a ball python and a kobold.

Vanquished Creatures
  A gnoll (D:1)
  A dart slug (D:1)
  2 bats (D:1)
  A giant cockroach (D:1)
  2 hobgoblins (D:1)
  A rat (D:1)
8 creatures vanquished.

Notes
Turn   | Place    | Note
-------+----------+-------------------------------------------
     0 | D:1      | H0rd4k the Octopode Artificer began the quest for the Orb.
     0 | D:1      | Reached XP level 1. HP: 13/13 MP: 1/1
    58 | D:1      | Reached XP level 2. HP: 6/18 MP: 2/2
   651 | D:1      | Slain by a kobold

Illustrated notes

Levels and vault maps discovered:
D:1:      dpeg_arrival_prison, layout_basic

Skill      XL: |  1 |
---------------+----+-----
Dodging        | 3 |  3.1
Fighting       | |  1.0
Maces & Flails | |  0.2
Stealth        | |  1.3
Evocations     | |  3.6

Action                   || total
-------------------------++-------
Melee: Club              ||    27
       Constrict         ||     6
       Tentacles         ||     5
Armor: Skin              ||     7
Dodge: Dodged            ||    20
